 Dungeon Crawl Stone Soup version 0.27.1-35-g4d5d836560 (webtiles) character file.

Game seed: 12896133104645359128

588 Delamore the Cutter (level 7, -6/48 HPs)
             Began as an Octopode Brigand on Apr 29, 2022.
             Was an Initiate of Gozag.
             Killed themself with a badly aimed iceblast (12 damage)
             ... on level 4 of the Dungeon.
             The game lasted 00:06:02 (4496 turns).

Delamore the Cutter (Octopode Brigand)              Turns: 4496, Time: 00:06:03

Health: -6/48      AC:  1    Str: 11    XL:     7   Next: 38%
Magic:  7/7        EV: 13    Int: 13    God:    Gozag
Gold:   283        SH:  0    Dex: 17    Spells: 6/6 levels left

rFire    . . .     SeeInvis .   a - +2 dagger
rCold    . . .     Faith    .   (no shield)
rNeg     . . .     Spirit   .   (helmet restricted)
rPois    .         Reflect  .   (no amulet)
rElec    .         Harm     .   (no ring)
rCorr    .         Rampage  .   (no ring)
Will     .....     Clarity  +   (no ring)
Stlth    ++++......             (no ring)
HPRegen  0.16/turn              (no ring)
MPRegen  0.10/turn              (no ring)
                                (no ring)
                                (no ring)

@: gold aura
A: almost no armour, amphibious, 8 rings, camouflage 1, gelatinous body 1,
(nimble swimmer 1), tentacles, agile 1, clarity, no potion heal 1
a: Renounce Religion, Potion Petition, Call Merchant, Bribe Branch


You were on level 4 of the Dungeon.
You worshipped Gozag.
Gozag was aware of your devotion.
You visited 2 branches of the dungeon, and saw 5 of its levels.

You collected 1109 gold pieces.
You spent 60 gold pieces at shops.
You paid 766 gold pieces to Gozag.

Inventory:

Hand Weapons
 a - a +2 dagger (weapon)
Missiles
 b - 14 poisoned darts (quivered)
 j - 3 atropa-tipped darts
Wands
 q - a wand of iceblast (10)
Scrolls
 d - a scroll of blinking
 h - a scroll of immolation {unknown}
 i - 3 scrolls of vulnerability
 n - 2 scrolls of noise
 o - 2 scrolls of teleportation
 p - a scroll of enchant weapon {unknown}
Potions
 c - a potion of heal wounds {unknown}
 e - a potion of berserk rage
 f - a potion of attraction
 g - a potion of flight
 k - 2 potions of degeneration
 l - a potion of curing


   Skills:
 - Level 4.0 Fighting
 * Level 6.1 Short Blades
 - Level 4.0 Throwing
 - Level 1.0 Dodging
 - Level 5.4 Stealth


You had 6 spell levels left.
You didn't know any spells.
Your spell library contained the following spells:

 Spells                   Type           Power      Damage    Failure   Level
 Animate Skeleton         Necr           0%         N/A       30%         1
 Apportation              Tloc           0%         N/A       30%         1
 Corona                   Hex            0%         N/A       30%         1
 Summon Small Mammal      Summ           0%         N/A       30%         1
 Ensorcelled Hibernation  Hex/Ice        0%         N/A       43%         2
 Tukima's Dance           Hex            0%         N/A       67%         3


Dungeon Overview and Level Annotations

Branches:
Dungeon (4/15)             Temple (1/1) D:4

Altars:
Ashenzari
Cheibriados
Dithmenos
Elyvilon
Fedhas
Gozag
Hepliaklqana
Makhleb
Nemelex Xobeh
Okawaru
Qazlal
Ru
Sif Muna
Trog
Uskayaw
Vehumet
Wu Jian
Xom
Yredelemnul
Zin
The Shining One

Shops:
D:1 (   D:4 (:?


Innate Abilities, Weirdness & Mutations

You cannot wear most types of armour.
You are amphibious.
You can wear up to eight rings at the same time.
Your skin changes colour to match your surroundings (Stealth+).
Your rubbery body absorbs attacks. (AC +1, EV +1)
((You are camouflaged near water. (Stealth+)))
You have tentacles for arms and can constrict up to eight enemies at once.
You are agile. (Dex +2)
You possess an exceptional clarity of mind.
Potions are less effective at restoring your health.


Message History

You are too injured to fight recklessly!
You are too injured to fight recklessly!
You hit the orc. You grab the orc.
The orc is heavily wounded.
You constrict the orc, but do no damage.
You hit the orc.
The orc is almost dead.
You constrict the orc.
You kill the orc!
The orc closely misses you.
You hit the orc. You grab the orc.
The orc is moderately wounded.
You constrict the orc, but do no damage.
The orc hits you with a +2 whip of freezing!
The orc freezes you.
* * * LOW HITPOINT WARNING * * *
You hit the orc but do no damage. You squeeze the orc.
You kill the orc!
Something barely misses you. The dart slug launches a dart at you.
The slug dart hits something.
Throw: dart (curare)
Press: ? - help, Q - select action, (/) - cycle Shift-Dir - straight line, f - dart slug
Aim: a dart slug (94% to hit)
You throw a curare-tipped dart.
The curare-tipped dart hits the dart slug.
The dart slug is poisoned.
The dart slug convulses.
The dart slug seems to slow down.
The dart slug is heavily wounded.
Something hits you.
* * * LOW HITPOINT WARNING * * *
Something shocks you.
* * * LOW HITPOINT WARNING * * *
Aiming: Iceblast
Press: ? - help, Shift-Dir - straight line, f/p - dart slug
Aim: a dart slug (severely wounded, very poisoned, slow)
The mass of ice explodes!
The iceblast engulfs something!
The iceblast engulfs you!
You die...
Your body crumbles into a pile of gold.

.......................
.###.....###########..P.
.# #.....# #..........P.
.# #.....# #......[.....
.# #.....###.........[PP
.# #..................P.
.# #......(.......B.....
.###.............$......
................@$....#
.................$....#
..........<.!.........#
......................#
......................#
#########.........w...#
#.............#
#.............#
#.............


You could see a dart slug (very poisoned, slow) and a giant cockroach.

Vanquished Creatures
  Sigmund (D:3)
  An ogre (D:4)
  A bullfrog (D:4)
  A crimson imp (D:4)
  A hound (D:4)
  Crazy Yiuf (D:2)
  Robin (D:3)
  5 adders
  2 white imps
  An adder skeleton (D:3)
  A worm (D:2)
  4 dart slugs
  8 orcs
  7 endoplasms
  4 giant cockroaches
  9 hobgoblins
  2 jackals (D:3)
  10 kobolds
  6 quokkas
  6 ball pythons
  6 bats
  5 frilled lizards
  14 goblins
  7 rats
104 creatures vanquished.

Vanquished Creatures (others)
  A fungus (D:2)
1 creature vanquished.

Grand Total: 105 creatures vanquished

Notes
Turn   | Place    | Note
-------+----------+-------------------------------------------
     0 | D:1      | Delamore the Octopode Brigand began the quest for the Orb.
     0 | D:1      | Reached XP level 1. HP: 14/14 MP: 1/1
   253 | D:1      | Reached XP level 2. HP: 15/19 MP: 2/2
   626 | D:1      | Reached skill level 3 in Short Blades
   676 | D:1      | Reached XP level 3. HP: 24/24 MP: 3/3
   681 | D:1      | Found Walifrud's Weapon Shoppe.
  1261 | D:1      | Found a faded altar of an unknown god.
  1599 | D:2      | Gained mutation: Potions are less effective at restoring
                  | your health. [potion of mutation]
  1599 | D:2      | Gained mutation: You possess an exceptional clarity of
                  | mind. [potion of mutation]
  1599 | D:2      | Gained mutation: You are agile. (Dex +2) [potion of
                  | mutation]
  1599 | D:2      | HP: 1/24 [poisoned by an adder]
  2146 | D:2      | Reached XP level 4. HP: 29/29 MP: 4/4
  2358 | D:2      | Found a runed translucent door.
  2359 | D:2      | Noticed Crazy Yiuf
  2366 | D:2      | Killed Crazy Yiuf
  2407 | D:3      | Reached skill level 4 in Short Blades
  2578 | D:3      | Reached XP level 5. HP: 35/35 MP: 5/5
  2746 | D:3      | Noticed Sigmund
  3216 | D:3      | Noticed Robin
  3486 | D:3      | Killed Robin
  3657 | D:3      | Killed Sigmund
  3658 | D:3      | Reached skill level 5 in Short Blades
  3658 | D:3      | Reached XP level 6. HP: 34/42 MP: 6/6
  3930 | D:4      | Found Kulidois's Magic Scroll Shoppe.
  3946 | D:4      | Bought a scroll of noise for 10 gold pieces
  3946 | D:4      | Bought a scroll of identify for 20 gold pieces
  3946 | D:4      | Bought a scroll of teleportation for 30 gold pieces
  3946 | D:4      | Identified a scroll of acquirement
  3947 | D:4      | Acquired 876 gold pieces
  3988 | D:4      | Found Afeva's Book Boutique.
  4003 | D:4      | Found a staircase to the Ecumenical Temple.
  4011 | D:4      | Reached XP level 7. HP: 47/47 MP: 7/7
  4013 | Temple   | Entered the Ecumenical Temple
  4083 | Temple   | Became a worshipper of Gozag Ym Sagoz the Greedy
  4304 | D:4      | Reached skill level 6 in Short Blades
  4496 | D:4      | Killed themself with a badly aimed iceblast

Illustrated notes

Levels and vault maps discovered:
D:1:      dpeg_arrival_oval, layout_basic, serial_shops, shop,
          hellmonk_ecumenical_altar_slurped_away
D:2:      minmay_chambers_of_ones, layout_rooms, uniq_crazy_yiuf_cottage
D:3:      layout_loops_cross, minmay_misc_feat_pillars, uniq_robin, uniq_sigmund
D:4:      layout_basic, kiku_gazebo_garden_becter, minmay_temple_entry_glass,
          serial_shops, nicolae_shop_window_shopping, shop, nicolae_shop_trees,
          minmay_misc_feat_cross, minmay_fire_ice_demons
Temple:   compressed_dpeg_triangle_lava_temple

Skill      XL: |  1  2  3  4  5  6  7 |
---------------+----------------------+-----
Short Blades   | 3 4 5 6 |  6.1
Throwing       | 3 4 |  4.0
Fighting       | 3 4 |  4.0
Dodging        | |  1.0
Stealth        | |  5.4

Action                   |  1- 3 |  4- 6 |  7- 9 || total
-------------------------+-------+-------+-------++-------
Melee: Dagger            |    83 |   117 |    27 ||   227
       Tentacles         |    13 |    27 |     6 ||    46
       Constrict         |    18 |    20 |     8 ||    46
Throw: Dart              |     1 |    12 |     1 ||    14
Invok: Call Merchant     |       |       |     1 ||     1
  Use: Potion            |     3 |       |       ||     3
       Scroll            |     2 |     7 |       ||     9
 Stab: Sleeping          |    10 |    16 |     5 ||    31
       Distracted        |     1 |     1 |     1 ||     3
       Fleeing           |       |     1 |       ||     1
Armor: Skin              |     9 |       |       ||     9
Dodge: Dodged            |    38 |    26 |    13 ||    77
